 Dungeon Crawl Stone Soup version 0.19-a0-1513-gf6d23ed (webtiles) character file.

67189 Amnesiac the Nimble (level 15, -2/95 HPs)
             Began as a Halfling Assassin on Sept 12, 2016.
             Was the Champion of Okawaru.
             Killed from afar by a servant of whispers (38 damage)
             ... with a bolt of lightning
             ... in the Desolation of Salt.
             The game lasted 00:47:58 (21431 turns).

Amnesiac the Nimble (Halfling Assassin)            Turns: 21431, Time: 00:47:59

Health: -2/95      AC: 15    Str: 18    XL:     15   Next: 65%
Magic:  17/17      EV: 34    Int: 11    God:    Okawaru [******]
Gold:   1985       SH:  9    Dex: 31    Spells: 0 memorised, 14 levels left

rFire  + + .     SeeInvis .     c - +11 dagger "Pueffyn" {venom, +Fly rPois Str+4}
rCold  + . .     Gourm    .     p - +4 ring mail "Biug Ceng" {rF+ rC+ Regen+}
rNeg   . . .     Faith    +     G - +0 buckler
rPois  +         Spirit   .     S - +2 hat {MR+}
rElec  .         Dismiss  .     v - +1 cloak
rCorr  .         Reflect  .     N - +1 pair of gloves of Amnesiac's Defiance {+Inv Int+2 Dex+3}
MR     ++...     Harm     .     (no boots)
Stlth  +++++++...               w - amulet of faith
                                A - ring of wizardry
                                Z - ring of protection from fire

@: agile, very slightly contaminated, hasted, very quick
A: blurry vision 1, frail 1, low mp 1, mutation resistance 1, regeneration 1,
strong 1
a: Heroism, Finesse, Renounce Religion, Evoke Invisibility, Evoke Flight


You were in the Desolation of Salt.
You worshipped Okawaru.
Okawaru was exalted by your worship.
You were hungry.

You visited 4 branches of the dungeon, and saw 18 of its levels.
You also visited: Volcano and Desolation.

You collected 2125 gold pieces.
You spent 140 gold pieces at shops.

Inventory:

Hand Weapons
 c - the +11 dagger "Pueffyn" (weapon) {venom, +Fly rPois Str+4}
   (You found it on level 5 of the Dungeon)

   It poisons the flesh of those it strikes.
   It affects your strength (+4).
   It protects you from poison.
   It lets you fly.
 e - a +1 blowgun
Missiles
 f - 8 curare-tipped needles
 o - 14 needles of paralysis
 q - 2 throwing nets
 r - 20 tomahawks
 u - 12 needles of sleeping
 F - 15 needles of confusion
 H - 14 poisoned tomahawks
 I - a tomahawk of dispersal (quivered)
 Q - 21 needles of frenzy
Armour
 p - the +4 ring mail "Biug Ceng" (worn) {rF+ rC+ Regen+}
   (You found it on level 2 of the Lair of Beasts)

   It protects you from fire.
   It protects you from cold.
   It increases your rate of regeneration.
 v - a +1 cloak (worn)
 G - a +0 buckler (worn)
 N - the +1 pair of gloves of Amnesiac's Defiance (worn) {+Inv Int+2 Dex+3}
   (Okawaru gifted it to you on level 3 of the Lair of Beasts)

   It affects your intelligence (+2).
   It affects your dexterity (+3).
   It lets you turn invisible.
 S - a +2 hat of magic resistance (worn)
Jewellery
 w - an amulet of faith (around neck)
 A - a ring of wizardry (right hand)
 C - an uncursed amulet of guardian spirit
 W - an uncursed ring of protection from magic
 Z - a ring of protection from fire (left hand)
Wands
 b - a wand of digging (9/24)
 K - a wand of paralysis (12/24)
 M - a wand of disintegration (17/24)
Scrolls
 a - 3 scrolls of enchant weapon
 i - 9 scrolls of identify
 k - 2 scrolls of magic mapping
 l - 5 scrolls of remove curse
 m - 3 scrolls of amnesia
 y - 2 scrolls of teleportation
 E - a scroll of recharging
Potions
 d - a potion of agility
 h - 6 potions of brilliance
 n - 4 potions of cancellation
 s - 2 potions of ambrosia
 x - 3 potions of flight
 B - 3 potions of magic
 D - 4 potions of might
 R - 2 potions of curing
 T - a potion of invisibility
 V - 2 potions of resistance
 X - 2 potions of haste
Books
 P - a book of Fire

   Spells                             Type                      Level
   a - Ignite Poison                  Fire/Transmutation/Poison    3
   b - Fireball                       Conjuration/Fire             5
   c - Bolt of Fire                   Conjuration/Fire             6
   d - Delayed Fireball               Conjuration/Fire             7
   e - Ring of Flames                 Charms/Fire                  7
 U - a book of the Warp

   Spells                             Type                      Level
   a - Gell's Gravitas                Hexes/Translocation          3
   b - Force Lance                    Conjuration/Translocation    4
   c - Summon Forest                  Summoning/Translocation      5
   d - Dispersal                      Translocation                6
   e - Controlled Blink               Translocation                8
   f - Disjunction                    Translocation                8
Comestibles
 g - 9 bread rations
 j - 8 beef jerkies
 t - 6 mutagenic chunks of flesh
 z - 7 slices of pizza
 J - 6 meat rations
 L - 17 fruits
 O - 2 chunks of flesh


   Skills:
 + Level 11.0 Fighting
 - Level 12.0 Short Blades
 - Level 13.0 Throwing
 - Level 13.1 Dodging
 - Level 12.0 Stealth
 - Level 6.4 Shields
 - Level 6.0 Evocations


You had 14 spell levels left.
You didn't know any spells.

Dungeon Overview and Level Annotations

Branches:
Dungeon (9/15)             Temple (0/1) D:5            Lair (6/6) D:9
 Shoals (0/4) Lair:2       Spider (0/4) Lair:3        Slime (0/5) Lair:6
    Orc (2/2) D:9             Elf (1/3) Orc:2

Altars:
Ashenzari
Elyvilon
Hepliaklqana
Okawaru
Qazlal
Sif Muna
Trog
Zin
The Shining One
Beogh
Jiyva

Shops:
D:7 ?   Orc:2 :(*[


Innate Abilities, Weirdness & Mutations

You are small and have problems with some larger weapons.
You are somewhat resistant to further mutation.
Scrolls take you a little longer to read.
You are frail. (-10% HP)
Your magical capacity is low. (-10% MP)
Your natural rate of healing is unusually fast.
Your muscles are strong. (Str +2)


Message History

The golems go into a battle-frenzy!
The servant of whispers calls down the wrath of its god upon you.
The bolt of lightning misses you. The saltling closely misses you.
An imperial myrmidon comes into view. It is wielding a vampiric demon blade.
The saltling no longer looks unusually strong. x2
The peacekeeper roars a battlecry!
The saltlings go into a battle-frenzy!
The imperial myrmidon casts a spell at you.
You easily resist.
The saltling no longer looks unusually strong.
A saltling comes into view.
The peacekeeper roars a battlecry!
The saltling goes into a battle-frenzy!
The peacekeeper no longer looks unusually strong.
The peacekeeper roars a battlecry!
The crystal guardian fires a crystalline bolt at you.
The crystal bolt freezes you! You resist.
The servant of whispers mumbles some strange prayers to its god against you.
The bolt of lightning hits you!
You die...

,,,,,,,,..#...............,,,,*..
,,,,,,,,........8.........,,,,*,,
,,,,,,,,......88888.......,,,,,,,
,,,,,,,,.....88p..........,,,,,,,
,,,,,,,,.......p8888......,,,,,,,
,,,,,,,,..................,,,,,,,
,,,,,,,,..................,,,,,,,
,,,,,,,,..................,,,,,,,
,,,,,,,,...#####@####....,,,,,,,,
,,,,,,,,...*#..p...:#...,,,,,,,,,
,,,,,,,,..8#=.#..#..#8,,,,,,,,,,,
,,*,,,,,,,,##*###.###,,,,,,,,,,,,
,,,,,,,,,,,**,,**.,,,,,,,,,,,,,,,
,,,,,,,,,,***,,,,.8,,,,,,,,,,,,,,
,,,,,,,,,,,****,,##**,,,,,,,,,,,,
,,,,,,,,,,,*,,*,,*,,*8,,,,,,,,,,,
,,,,,,,,,,,**,,,,,,,*,,,,,,,,,,,,


You could see a servant of whispers, 2 imperial myrmidons, a crystal guardian, 2
peacekeepers and 10 saltlings.

Vanquished Creatures
  An angel (Elf:1)
  An orc warlord (Orc:2)
  5 dire elephants (Lair:6)
  Snorg (Orc:2)
  Erolcha (Orc:2)
  Harold (Lair:4)
  4 hydras
  A servant of whispers (Desolation)
  An anaconda (Lair:6)
  A peacekeeper (Desolation)
  A dancing weapon (Elf:1)
  4 death yaks (Lair:5)
  4 orc high priests
  2 deep elf archers (Elf:1)
  A lindwurm (Volcano)
  5 deep elf magi (Elf:1)
  4 orc knights
  4 orc sorcerers (Orc:2)
  The ghost of happinesssam the Archer, a novice HEHu of Okawaru (D:7)
  9 elephants (Lair:6)
  3 black mambas
  A siren (Lair:2)
  A guardian serpent (Desolation)
  3 molten gargoyles
  8 spiny frogs
  3 gargoyles (Volcano)
  A rime drake (Lair:5)
  4 komodo dragons
  A polar bear (Lair:6)
  5 trolls
  2 two-headed ogres
  6 saltlings (Desolation)
  Prince Ribbit (D:5)
  4 dream sheep (Lair:4)
  Grinder (D:6)
  16 blink frogs
  Sigmund (D:2)
  6 spriggans (D:6)
  3 fire bats (Lair:3)
  2 wyverns (D:8)
  38 yaks
  3 fire elementals (Lair:3)
  Grum (Lair:1)
  4 hippogriffs
  7 wargs
  16 water moccasins
  31 orc warriors
  8 porcupines
  3 sky beasts
  An eye of draining (D:8)
  2 black bears (D:9)
  A phantom (D:8)
  A wasp (D:8)
  3 ice beasts
  21 wolves
  8 centaurs
  6 ogres
  7 crocodiles
  A big kobold (D:8)
  16 giant frogs
  2 gnoll sergeants
  The ghost of jacquesderrida the Ruffian, an amateur VSWn (D:4)
  Blork the orc (D:5)
  4 scorpions
  3 howler monkeys
  A lava snake (Lair:3)
  5 crimson imps
  7 hounds
  A quasit (D:7)
  2 giant frog zombies
  3 centaur zombies
  A jelly (D:5)
  23 orc priests
  4 giant frog skeletons
  25 orc wizards
  3 centaur skeletons
  Crazy Yiuf (D:2)
  9 iguanas
  Ijyb (D:2)
  Natasha (thrice) (D:2)
  7 worker ants
  Robin (D:1)
  2 worker ant zombies
  9 gnolls
  63 river rats
  13 adders
  5 shadow imps
  An ooze (D:5)
  5 worms
  2 dart slugs
  4 giant geckos
  77 orcs
  8 giant cockroaches
  11 hobgoblins
  17 jackals
  9 quokkas
  2 ball pythons
  10 bats
  A giant gecko skeleton (D:4)
  4 giant newts
  18 goblins
  A jackal skeleton (D:5)
  5 kobolds
  8 rats
  2 plants (Lair:6)
687 creatures vanquished.

Vanquished Creatures (others)
  An orc (Orc:2)
  3 fungi
  4 plants
8 creatures vanquished.

Grand Total: 695 creatures vanquished

Notes
Turn   | Place    | Note
-------+----------+-------------------------------------------
     0 | D:1      | Amnesiac the Halfling Assassin began the quest for the Orb.
     0 | D:1      | Reached XP level 1. HP: 14/14 MP: 1/1
   225 | D:1      | Reached XP level 2. HP: 13/19 MP: 2/2
   498 | D:2      | Noticed Natasha
   501 | D:2      | Killed Natasha
   501 | D:2      | Reached XP level 3. HP: 24/24 MP: 3/3
   657 | D:2      | Reached XP level 4. HP: 20/29 MP: 4/4
   770 | D:2      | Noticed Natasha
  1232 | D:2      | Killed Natasha
  1270 | D:2      | Noticed Ijyb
  1681 | D:2      | Noticed Robin
  1698 | D:2      | Reached XP level 5. HP: 34/34 MP: 5/5
  1757 | D:1      | Killed Robin
  1824 | D:2      | Reached skill level 5 in Stealth
  1833 | D:2      | Found a bloodstained altar of Trog.
  1840 | D:2      | Found an iron altar of Okawaru.
  1847 | D:2      | Became a worshipper of Warmaster Okawaru
  2372 | D:2      | Found a shattered altar of Ashenzari.
  2376 | D:2      | Noticed Sigmund
  2671 | D:2      | Killed Ijyb
  2764 | D:2      | Noticed Natasha
  3276 | D:2      | Killed Natasha
  3276 | D:2      | Reached XP level 6. HP: 33/39 MP: 6/6
  3296 | D:2      | Killed Sigmund
  3503 | D:2      | Found a stormy altar of Qazlal.
  3515 | D:2      | Noticed an air elemental
  3519 | D:2      | Noticed a fire elemental
  3526 | D:2      | Noticed a water elemental
  3566 | D:2      | Found a runed door.
  3570 | D:2      | Noticed Crazy Yiuf
  3574 | D:2      | Killed Crazy Yiuf
  3574 | D:2      | Reached * piety under Okawaru
  3574 | D:2      | Reached XP level 7. HP: 44/44 MP: 7/7
  4112 | D:3      | Found a white marble altar of Elyvilon.
  4814 | D:4      | Reached skill level 5 in Short Blades
  4819 | D:4      | Found a hazy altar of Hepliaklqana.
  4865 | D:4      | Noticed jacquesderrida's ghost (amateur VSWn)
  5059 | D:4      | Killed jacquesderrida's ghost
  5507 | D:4      | Reached XP level 8. HP: 49/49 MP: 8/8
  5593 | D:5      | Entered Level 5 of the Dungeon
  5682 | D:5      | Noticed Blork the orc
  5700 | D:5      | Killed Blork the orc
  5700 | D:5      | Reached skill level 5 in Dodging
  5972 | D:5      | Reached skill level 5 in Throwing
  5978 | D:5      | Reached ** piety under Okawaru
  6422 | D:5      | Noticed Prince Ribbit
  6574 | D:5      | Found a staircase to the Ecumenical Temple.
  6734 | D:5      | Killed Prince Ribbit
  6841 | D:5      | Got a crude dagger
  6842 | D:5      | Identified the +11 dagger "Pueffyn" {venom, +Fly rPois Str+4} (You found it on level 5 of the Dungeon)
  7389 | D:6      | Reached XP level 9. HP: 54/54 MP: 9/9
  7391 | D:6      | Noticed Grinder
  7418 | D:6      | Killed Grinder
  7876 | D:6      | Found a deep blue altar of Sif Muna.
  8112 | D:6      | Reached *** piety under Okawaru
  8192 | D:6      | Reached **** piety under Okawaru
  8192 | D:6      | Reached XP level 10. HP: 53/60 MP: 10/10
  8240 | D:6      | Received a gift from Okawaru
  8240 | D:6      | Reached skill level 5 in Shields
  8790 | D:7      | Found Gohueffa's Magic Scroll Shoppe.
  8994 | D:7      | Noticed happinesssam's ghost (novice HEHu)
  9018 | D:7      | Killed happinesssam's ghost
  9131 | D:7      | Reached skill level 10 in Short Blades
  9451 | D:8      | Reached ***** piety under Okawaru
  9969 | D:8      | Reached skill level 5 in Fighting
  9979 | D:8      | Reached XP level 11. HP: 63/72 MP: 11/11
 10090 | D:8      | Received a gift from Okawaru
 10624 | D:9      | Found a staircase to the Lair.
 10647 | D:9      | Received a gift from Okawaru
 11004 | D:9      | Received a gift from Okawaru
 11046 | D:9      | Found a staircase to the Orcish Mines.
 11226 | D:9      | Gained mutation: Your natural rate of healing is unusually fast. [mutagenic meat]
 11232 | D:9      | Gained mutation: You are frail. (-10% HP) [mutagenic meat]
 11510 | D:9      | Received a gift from Okawaru
 11641 | Lair:1   | Entered Level 1 of the Lair of Beasts
 11748 | Lair:1   | Noticed Grum
 11791 | Lair:1   | Killed Grum
 12002 | Lair:1   | Got a steaming leather armour
 12013 | Lair:1   | Identified the +1 leather armour "Yveig" {Regen+ Int+3} (You found it on level 1 of the Lair of Beasts)
 12125 | Lair:1   | Found a shattered altar of Ashenzari.
 12555 | Lair:2   | Reached skill level 10 in Dodging
 12805 | Lair:2   | Reached XP level 12. HP: 71/71 MP: 12/12
 12846 | Lair:2   | Gained mutation: Your muscles are strong. (Str +2) [potion of mutation]
 12899 | Lair:2   | Reached ****** piety under Okawaru
 13087 | Lair:2   | Got a fine ring mail
 13098 | Lair:2   | Identified the +4 ring mail "Biug Ceng" {rF+ rC+ Regen+} (You found it on level 2 of the Lair of Beasts)
 13220 | Lair:2   | Found a staircase to the Shoals.
 13609 | Lair:3   | Received a gift from Okawaru
 13787 | Lair:3   | Found a hole to the Spider Nest.
 13815 | Lair:3   | Gained mutation: Your magical capacity is low. (-10% MP) [potion of mutation]
 13841 | Lair:3   | Received a gift from Okawaru
 14579 | Lair:4   | Noticed a six-headed hydra
 14580 | Lair:4   | Noticed a five-headed hydra
 14613 | Lair:3   | Got a pair of heavily runed gloves {god gift}
 14619 | Lair:3   | Identified the +1 pair of gloves of Amnesiac's Defiance {+Inv Int+2 Dex+3} (Okawaru gifted it to you on level 3 of the Lair of Beasts)
 14656 | Lair:3   | Reached skill level 1 in Evocations
 14808 | Lair:4   | Reached XP level 13. HP: 60/74 MP: 14/14
 14906 | Lair:4   | Reached skill level 5 in Evocations
 14962 | Lair:4   | Received a gift from Okawaru
 15015 | Lair:4   | Killed a five-headed hydra
 15113 | Lair:4   | Noticed Harold
 15131 | Lair:4   | Killed Harold
 15144 | Lair:4   | Killed a six-headed hydra
 15326 | Lair:4   | Reached skill level 10 in Stealth
 16025 | Lair:5   | Noticed a seven-headed hydra
 16040 | Lair:5   | Killed a seven-headed hydra
 16305 | Lair:5   | Gained mutation: Scrolls take you a little longer to read. [potion of mutation]
 16397 | Lair:5   | Received a gift from Okawaru
 16398 | Lair:5   | Got a jewelled mace {god gift}
 16497 | Lair:6   | Entered Level 6 of the Lair of Beasts
 16939 | Lair:6   | Received a gift from Okawaru
 16983 | Lair:6   | Received a gift from Okawaru
 17010 | Lair:6   | Reached XP level 14. HP: 55/81 MP: 16/16
 17155 | Lair:6   | Found a dark tunnel.
 17163 | Volcano  | Entered a volcano
 17172 | Volcano  | Received a gift from Okawaru
 17173 | Volcano  | Got a translucent shadow dragon armour {god gift}
 17184 | Volcano  | Identified the +2 shadow dragon armour of Divine Compulsion {Regen+ Stlth++++} (Okawaru gifted it to you in a volcano)
 17368 | Lair:6   | Reached skill level 10 in Throwing
 17639 | Lair:6   | Found a viscous altar of Jiyva.
 17639 | Lair:6   | Found a staircase to the Slime Pits.
 17993 | Lair:6   | Noticed a dire elephant
 17993 | Lair:6   | Noticed a dire elephant
 17996 | Lair:6   | Noticed a dire elephant
 18037 | Lair:6   | Noticed a dire elephant
 18037 | Lair:6   | Killed a dire elephant
 18121 | Lair:6   | Killed a dire elephant
 18179 | Lair:6   | Killed a dire elephant
 18202 | Lair:6   | Killed a dire elephant
 18254 | Lair:6   | Noticed a dire elephant
 18287 | Lair:6   | Killed a dire elephant
 18397 | Lair:6   | Received a gift from Okawaru
 18711 | Orc:1    | Entered Level 1 of the Orcish Mines
 18791 | Orc:1    | Found a roughly hewn altar of Beogh.
 19191 | Orc:2    | Entered Level 2 of the Orcish Mines
 19198 | Orc:2    | Found a staircase to the Elven Halls.
 19395 | Orc:2    | Found an iron altar of Okawaru.
 19397 | Orc:2    | Noticed Snorg
 19490 | Orc:2    | Noticed an orc warlord
 19550 | Orc:2    | Killed an orc warlord
 19629 | Orc:2    | Received a gift from Okawaru
 19631 | Orc:2    | Reached XP level 15. HP: 87/87 MP: 17/17
 19683 | Orc:2    | Killed Snorg
 19752 | Orc:2    | Received a gift from Okawaru
 19845 | Orc:2    | Noticed Erolcha
 19856 | Orc:2    | Killed Erolcha
 20036 | Orc:2    | Found a roughly hewn altar of Beogh.
 20471 | Orc:2    | Received a gift from Okawaru
 20511 | Orc:2    | Found Vaojus's General Store.
 20512 | Orc:2    | Found Cusohila's Book Shoppe.
 20513 | Orc:2    | Found Sorch's Antique Armour Emporium.
 20513 | Orc:2    | Found Kesuewif's Antique Weapon Emporium.
 20599 | Orc:2    | Bought 8 needles of confusion for 40 gold pieces
 20599 | Orc:2    | Bought 4 needles of sleeping for 20 gold pieces
 20599 | Orc:2    | Bought a scroll of teleportation for 30 gold pieces
 20599 | Orc:2    | Bought a potion of heal wounds for 50 gold pieces
 20875 | Elf:1    | Entered Level 1 of the Elven Halls
 20901 | Elf:1    | Received a gift from Okawaru
 20935 | Elf:1    | Found a white marble altar of Elyvilon.
 20935 | Elf:1    | Found a glowing golden altar of the Shining One.
 20954 | Elf:1    | Noticed an angel
 20957 | Elf:1    | Found a glowing silver altar of Zin.
 20958 | Elf:1    | Found a ruined gateway.
 20965 | Elf:1    | Reached skill level 10 in Fighting
 20968 | Elf:1    | Noticed an angel
 21024 | Elf:1    | Received a gift from Okawaru
 21276 | Elf:1    | Killed an angel
 21276 | Elf:1    | Received a gift from Okawaru
 21304 | Desolati | Entered the Desolation of Salt
 21337 | Desolati | Received a gift from Okawaru
 21368 | Desolati | HP: 2/94 [saltling (17)]
 21419 | Desolati | Noticed an imperial myrmidon
 21425 | Desolati | Noticed an imperial myrmidon
 21431 | Desolati | Killed from afar by a servant of whispers

Vault maps used:
D:1:      wheals_arrival_linesprint
D:2:      minitemple, lemuel_round_altar, nicolae_qazlal_style_of_elements,
          uniq_sigmund, uniq_crazy_yiuf_cottage, uniq_robin, uniq_iyjb,
          uniq_natasha
D:3:      elyvilon_altar_4
D:4:      old_standard_altar, nicolae_overflow_hidden_temple, first_bread,
          guppyfry_early_lair_pool
D:5:      uniq_prince_ribbit1, uniq_blork_the_orc
D:6:      kb_forest_paths, lemuel_coloured_pillars_altar, uniq_grinder
D:7:      serial_shops, shop
D:8:      minmay_imperfect_grid, serial_glass, glass_columns_a, glass_columns_a,
          glass_columns_b, glass_columns_a
D:9:      dpeg_lair_monsters, orc_0_dummy
Lair:1:   lemuel_centaur_altar, grunt_megastairs_2, lemuel_fruit_tree, uniq_grum
Lair:2:   minmay_shoals_entry_lonely_mermaid
Lair:3:   dummy_spider_entry
Lair:4:   uniq_harold
Lair:6:   due_jungle_book, dpeg_slime_entry_enclosed_altar, enter_volcano_2,
          guppyfry_lair_drakes
Orc:1:    basic_altar, mines5_lemuel
Orc:2:    st_orc_congregation, basic_altar, okawaru_metal_pillars_1_2,
          uniq_erolcha, uniq_snorg
Elf:1:    elf_arrival_001, portal_desolation_entry_holy_temple, serial_shops,
          shop, hangedman_elf_disciples
Volcano:  volcano_aerie

Skill      XL: |  1  2  3  4  5  6  7  8  9 10 11 12 13 14 15 |
---------------+----------------------------------------------+-----
Dodging        | 2 3 4 5 6 10 13 | 13.1
Short Blades   | 3 4 5 6 7 10 12 | 12.0
Throwing       | 3 4 5 6 8 9 13 | 13.0
Stealth        | 5 6 7 8 12 | 12.0
Shields        | 4 6 |  6.4
Fighting       | 5 6 7 11 | 11.0
Evocations     | 4 6 |  6.0

Action                   |  1- 3 |  4- 6 |  7- 9 | 10-12 | 13-15 || total
-------------------------+-------+-------+-------+-------+-------++-------
Melee: Dagger            |    56 |    92 |   338 |   964 |  1725 ||  3175
       Short sword       |       |    41 |       |       |       ||    41
 Fire: Blowgun           |    10 |    24 |    15 |    34 |     3 ||    86
Throw: Tomahawk          |       |       |       |     2 |     2 ||     4
Invok: Heroism           |       |       |     1 |       |     2 ||     3
 Abil: Evoke Invisibilit |       |       |       |     1 |     1 ||     2
       Turn Visible      |       |       |       |     1 |       ||     1
  Use: Potion            |       |     2 |     4 |     4 |    13 ||    23
       Scroll            |       |       |       |    25 |    10 ||    35
 Stab: Sleeping          |     5 |     8 |    18 |    27 |    29 ||    87
       Distracted        |       |     1 |     1 |     4 |     1 ||     7
       Invisible         |       |       |       |     2 |     3 ||     5
       Paralysed         |       |       |       |       |     1 ||     1
  Eat: Chunk             |       |     8 |    12 |    26 |    23 ||    69
       Meat ration       |       |     1 |       |       |       ||     1
       Royal jelly       |       |       |     1 |       |       ||     1
Armor: Robe              |    13 |    26 |    37 |    27 |       ||   103
       Leather armour    |       |       |       |     7 |       ||     7
       Ring mail         |       |       |       |    27 |   228 ||   255
Dodge: Dodged            |    33 |   104 |   175 |   540 |  1355 ||  2207
Block: Buckler           |       |       |     2 |   237 |   518 ||   757
